 Dungeon Crawl Stone Soup version 0.20-a0-217-g17e8ceb (webtiles) character file.

467589 DEFE the Slayer (level 24, 0/405 HPs)
             Began as an Ogre Transmuter on Nov 28, 2016.
             Was a High Priest of Okawaru.
             Slain by an ogre
             ... wielding a +0 giant club
              (5 damage)
             ... on level 3 of the Depths.
             The game lasted 02:47:16 (78317 turns).

DEFE the Slayer (Ogre Transmuter)                  Turns: 78317, Time: 02:47:17

Health: 0/405      AC: 16    Str: 36    XL:     24   Next: 60%
Magic:  38/45      EV: 19    Int: 16    God:    Okawaru [*****.]
Gold:   2354       SH:  0    Dex: 16    Spells: 15/60 levels left

rFire  + + +     SeeInvis .       - Unarmed
rCold  . . .     Gourm    .     (armour currently unavailable)
rNeg   + . .     Faith    +     (shield currently unavailable)
rPois  +         Spirit   .     (helmet currently unavailable)
rElec  +         Reflect  .     (cloak currently unavailable)
rCorr  .         Harm     .     (gloves unavailable)
MR     ++...                    (boots unavailable)
Stlth  +++.......               F - amulet of faith
                                L - ring of protection from cold
                                C - ring of Sloth {rElec rF+ rN+ Dex+6}

@: dragon-form, heroism, finesse, flying, drained
A: unfitting armour, (antennae 0), (tough skin 0)
}: 2/15 runes: decaying, serpentine
a: End Transformation, Heroism, Finesse, Renounce Religion, Breathe Fire


You were on level 3 of the Depths.
You worshipped Okawaru.
Okawaru was extremely pleased with you.
You were hungry.
You were a fearsome dragon!
You visited 10 branches of the dungeon, and saw 45 of its levels.
You visited the Abyss 1 time.
You also visited: Sewer and Volcano.

You collected 5867 gold pieces.
You spent 3513 gold pieces at shops.

Inventory:

Hand Weapons
 a - a +5 blowgun
 y - a +1 battleaxe of freezing
Missiles
 i - 102 large rocks (quivered)
 V - 1417 arrows
 W - 14 curare-tipped needles
Armour
 g - a +0 hat (melded)
 k - a +0 cloak of magic resistance (melded)
 o - the +1 cloak of Good Intentions {rN+ Stlth+}
   (Okawaru gifted it to you on level 4 of the Swamp)

   It protects you from negative energy.
   It makes you more stealthy.
 X - a +4 troll leather armour (melded)
 Z - the +0 gold dragon scales "Omanuxis" {rPois rF+ rC+ rN+ rCorr Str-4}
   (You bought it in a shop on level 2 of the Orcish Mines)

   It affects your strength (-4).
   It protects you from fire.
   It protects you from cold.
   It protects you from poison.
   It protects you from negative energy.
   It protects you from acid and corrosion.
Jewellery
 C - the ring of Sloth (left foreclaw) {rElec rF+ rN+ Dex+6}
   (You bought it in a shop on level 5 of the Dungeon)

   [ring of positive energy]

   It affects your dexterity (+6).
   It protects you from fire.
   It insulates you from electricity.
   It protects you from negative energy.
 F - an amulet of faith (around neck)
 I - an uncursed ring of wizardry
 J - an uncursed ring of poison resistance
 L - a ring of protection from cold (right foreclaw)
Wands
 b - a wand of disintegration (7/24)
 c - a wand of heal wounds (4/9)
 B - a wand of hasting (3/9)
 K - a wand of lightning (6/15)
 R - a wand of digging (15/24)
Scrolls
 d - 3 scrolls of blinking
 h - 8 scrolls of immolation
 j - 9 scrolls of identify
 n - 9 scrolls of recharging
 p - 3 scrolls of enchant armour
 r - 13 scrolls of magic mapping
 t - 12 scrolls of teleportation
 w - 26 scrolls of remove curse
 x - 6 scrolls of amnesia
 E - 7 scrolls of fog
 Q - 2 scrolls of silence
 S - a scroll of holy word
Potions
 f - 6 potions of brilliance
 m - 2 potions of heal wounds
 q - 4 potions of cancellation
 s - 3 potions of haste
 u - 13 potions of agility
 v - 12 potions of flight
 z - 3 potions of resistance
 A - 7 potions of magic
 D - 3 potions of lignification
 G - 3 potions of invisibility
 M - 3 potions of berserk rage
 P - 5 potions of might
 T - 2 potions of cure mutation
 U - 8 potions of ambrosia
 Y - 10 potions of curing
Comestibles
 e - 5 chunks of flesh
 l - 5 beef jerkies
 H - 10 bread rations
 N - 20 fruits
 O - 9 slices of pizza


   Skills:
 - Level 21.4(26.1) Fighting
 + Level 8.2(12.9) Armour
 + Level 16.8(21.5) Dodging
 + Level 16.6(21.3) Unarmed Combat
 + Level 18.9(18.6) Spellcasting
 + Level 13.9(13.7) Transmutations
 + Level 6.7(6.4) Earth Magic
 - Level 12.6(12.3) Invocations


You had 15 spell levels left.
You knew the following spells:

 Your Spells              Type           Power        Failure   Level  Hunger
a - Beastly Appendage     Tmut           ######       0%          1    None
b - Sticks to Snakes      Tmut           ######..     1%          2    None
c - Spider Form           Tmut/Pois      #####.....   1%          3    None
d - Ice Form              Ice/Tmut       #####...     1%          4    None
e - Blade Hands           Tmut           ######....   1%          5    ###....
f - Hydra Form            Tmut           ######....   2%          6    #####..
g - Irradiate             Conj/Tmut      #####.....   8%          5    ###....
h - Yara's Violent Unrav  Hex/Tmut       #####.....   8%          5    ###....
i - Passwall              Tmut/Erth      #####.....   1%          2    None
j - Regeneration          Chrm/Necr      ##........   12%         3    None
k - Song of Slaying       Chrm           ##......     8%          2    None
l - Dragon Form           Tmut           ######....   14%         7    ######.


Dungeon Overview and Level Annotations

Branches:
Dungeon (15/15)            Temple (1/1) D:7            Lair (6/6) D:8
  Swamp (4/4) Lair:2        Snake (4/4) Lair:3        Slime (0/5) Lair:6
    Orc (2/2) D:9             Elf (3/3) Orc:2        Vaults (4/5) D:14
  Crypt (3/3) Vaults:2       Tomb (0/3) Crypt:3      Depths (3/5) D:15

Altars:
Ashenzari
Cheibriados
Dithmenos
Elyvilon
Fedhas
Gozag
Hepliaklqana
Kikubaaqudgha
Makhleb
Nemelex Xobeh
Okawaru
Qazlal
Ru
Sif Muna
Trog
Uskayaw
Vehumet
Xom
Yredelemnul
Zin
The Shining One
Beogh
Jiyva

Shops:
D:5 *==   D:6 *   D:10 (   D:11 ?%=(?   D:12 *   Orc:1 *   Orc:2 [*:=   Elf:1 (

Portals:
Hell: Depths:1 Depths:2
Abyss: Depths:1

Annotations:
Snake:2 Kirke
Elf:2 2 runed doors


Innate Abilities, Weirdness & Mutations

You are too large for most types of armour.
((You have tough skin. (AC +1)))
((You have a pair of small antennae on your head.))


Message History

The ogre mage blinks!
The wolf bites you but does no damage. The spectral caustic shrike claws you!
* * * LOW HITPOINT WARNING * * *
There is a stone staircase leading up here.
Unknown command.
The spectral caustic shrike claws you!
* * * LOW HITPOINT WARNING * * *
The spectral caustic shrike claws you!
* * * LOW HITPOINT WARNING * * *
The wolf pauses to sniff the ground.
The wolf completely misses you.
The spectral caustic shrike completely misses you.
The spectral golden dragon bites you!!
* * * LOW HITPOINT WARNING * * *
The spectral golden dragon claws you!
* * * LOW HITPOINT WARNING * * *
The spectral golden dragon misses you.
The tarantella is engulfed in spectral mist.
The ogre hits you with a giant club.
You die...

..........## .#
...###......#........
..##..#.....?#..........
............##.≈≈≈......
..≈............≈........
.............c.≈.≈≈≈≈≈..
...........$s§.≈§≈≈≈≈≈..
........Z..§.§≈§$.≈≈≈≈..
......ODZZ§Z§§§§^..≈≈≈..
......hOZZ.Z§Z§.§..(.≈..
.....chcZ§Z)).).........
........§§OO)).....%....
.......[.§..............
C..#...p....[...........
C.......................
........................
.......................


You could see a frost giant, a fire giant, a vault guard, 3 yaktaurs, a spectral
anaconda, a spectral golden dragon, a spectral snapping turtle, 2 spectral frost
giants, a spectral titan, a spectral hell knight, a spectral glowing
shapeshifter, 2 spectral caustic shrikes, a two-headed ogre, a tarantella shaped
shifter, 3 ogres and 2 wolves.

Vanquished Creatures
  Margery (Vaults:3)
  Saint Roka (Orc:1)
  Vashnia (Snake:3)
  Bai Suzhen (Vaults:4)
  2 caustic shrikes
  2 bone dragons (Crypt:3)
  A shard shrike zombie (Crypt:3)
  Rupert (Lair:5)
  2 liches
  A deep elf master archer (Elf:3)
  A titan (Depths:2)
  Asterion (Elf:3)
  Agnes (D:15)
  A thorn hunter (Swamp:3)
  2 sphinxes
  A tentacled starspawn (Abyss:2)
  3 tengu reavers
  7 ancient champions
  12 nagarajas
  3 revenants
  6 frost giants
  4 fire giants
  The ghost of yrara the Marksgargoyle, an adept GrFi of Okawaru (Snake:4)
  5 curse skulls
  Louise (D:14)
  A juggernaut zombie (Crypt:2)
  9 vault wardens
  3 deep elf elementalists (Elf:3)
  5 deep elf sorcerers
  8 ironheart preservers
  An entropy weaver (Vaults:2)
  3 ghouls (Crypt:2)
  11 stone giants
  5 vampire knights
  4 deep elf demonologists (Elf:3)
  The ghost of xvga the Basher, a journeyman OgAM of Okawaru (Volcano)
  6 deep elf annihilators (Elf:3)
  Azrael (Snake:3)
  4 ettins
  Snorg (D:14)
  6 eidola
  13 deep elf death magi
  Fannar (Lair:3)
  10 ice dragons
  A deep elf high priest (Elf:3)
  4 fire dragons
  23 jiangshi
  A quicksilver dragon zombie (Crypt:3)
  6 vault guards
  8 yaktaur captains
  3 great orbs of eyes
  4 rakshasas
  A quicksilver dragon skeleton (Crypt:1)
  A catoblepas (Lair:6)
  23 naga warriors
  25 hydras
  3 spriggan air magi
  An ice dragon (shapeshifter) (Vaults:3)
  9 anacondas
  2 death knights
  11 centaur warriors
  19 dancing weapons
  4 deep troll earth magi
  3 death yaks (Lair:4)
  10 ogre magi
  8 alligators
  6 deep troll shamans
  6 tengu warriors
  7 vampire magi
  A spriggan berserker (Depths:3)
  2 thrashing horrors (Abyss:2)
  11 deep elf knights
  18 naga sharpshooters
  Urug (D:9)
  4 soul eaters
  7 shock serpents
  Sonja (D:10)
  A fire crab (shapeshifter) (Elf:3)
  A titan skeleton (Crypt:1)
  21 skeletal warriors
  3 iron trolls
  4 salamander mystics
  2 shadow wraiths
  4 hell knights (Vaults:3)
  An unseen horror (shapeshifter) (Vaults:1)
  An anaconda zombie (Crypt:2)
  5 spriggan druids (Swamp:4)
  5 wizards
  A ghost moth zombie (Crypt:1)
  A flayed ghost (Crypt:2)
  8 swamp dragons
  5 unseen horrors
  4 sea snakes (Snake:4)
  10 naga ritualists
  A golden dragon skeleton (Crypt:2)
  2 glowing orange brains
  5 harpies
  An iron giant skeleton (Crypt:2)
  11 orc knights
  25 deep trolls
  6 ironbrand convokers
  A shambling mangrove (Swamp:4)
  10 deep elf archers
  5 lindwurms
  9 hill giants
  A sphinx zombie (Vaults:1)
  4 wolf spiders
  4 phantasmal warriors
  35 deep elf magi
  10 necromancers
  An oklob plant (Lair:1)
  37 ugly things
  2 orc sorcerers
  7 mana vipers
  A frost giant zombie (Crypt:1)
  An orb spider (shapeshifter) (Vaults:1)
  A fire giant zombie (Crypt:2)
  2 stone giant zombies (Vaults:1)
  A sphinx skeleton (Vaults:2)
  4 manticores
  A tengu skeleton (Vaults:4)
  13 cyclopes
  3 centaur zombies
  A fire giant skeleton (Vaults:4)
  Joseph (D:7)
  8 salamanders
  A toenail golem (Volcano)
  10 elephants
  A rust devil (Abyss:2)
  29 naga magi
  5 vault sentinels
  Maurice (D:10)
  33 black mambas
  4 guardian serpents
  A guardian serpent (shapeshifter) (Vaults:4)
  A shock serpent zombie (Crypt:1)
  Psyche (D:9)
  A gargoyle (D:11)
  A torpor snail (Lair:6)
  3 molten gargoyles (Volcano)
  17 spiny frogs
  6 centaur skeletons
  A rime drake (shapeshifter) (Depths:1)
  A yaktaur zombie (Vaults:2)
  3 kobold demonologists
  2 efreet
  A pale draconian zombie (Crypt:1)
  62 yaktaurs
  10 tengu conjurers
  3 rime drakes
  13 komodo dragons
  13 freezing wraiths
  11 polar bears
  4 guardian mummies
  An iron troll zombie (Crypt:3)
  A catoblepas skeleton (Crypt:1)
  A queen bee (Lair:2)
  3 ancient zymes
  A meliai (shapeshifter) (Depths:2)
  10 tyrant leeches
  21 two-headed ogres
  A wolf spider simulacrum (Crypt:3)
  A queen bee (shapeshifter) (Vaults:3)
  20 trolls
  12 blink frogs
  13 hornets
  15 slime creatures
  A stone giant simulacrum (Vaults:2)
  2 hippogriffs (shapeshifter)
  An alligator zombie (Crypt:2)
  21 hippogriffs
  9 bog bodies
  12 dream sheep
  A fire dragon zombie (Crypt:2)
  8 air elementals
  An ice dragon skeleton (Crypt:2)
  A satyr zombie (Crypt:2)
  A centaur simulacrum (D:14)
  12 flying skulls
  8 shadows
  An ettin skeleton (Crypt:3)
  A meliai zombie (D:10)
  9 redbacks
  4 water elementals
  3 starcursed masses (Abyss:2)
  A satyr skeleton (Crypt:3)
  A tarantella (shapeshifter) (Vaults:1)
  19 spriggans
  4 vampires
  5 basilisks
  7 wraiths
  45 yaks
  9 wyverns
  3 hogs
  8 fire elementals
  A golden eye (shapeshifter) (Vaults:2)
  11 vampire mosquitoes
  Grum (D:10)
  An emperor scorpion simulacrum (Crypt:1)
  3 hungry ghosts
  A steam dragon (D:9)
  6 insubstantial wisps (Swamp:4)
  6 wargs
  A water nymph zombie (Crypt:3)
  56 nagas
  17 swamp worms
  2 merfolk zombies
  5 acid dragons
  A monstrous demonspawn zombie (Crypt:2)
  3 small abominations (Abyss:2)
  A soldier ant (D:13)
  2 hell hounds (Snake:3)
  15 porcupines
  5 phantoms
  45 orc warriors
  A water nymph skeleton (Crypt:3)
  16 swamp drakes
  19 water moccasins
  An ettin simulacrum (Crypt:2)
  An eye of draining (D:10)
  5 ice beasts
  3 sky beasts
  A swamp drake (shapeshifter) (Vaults:2)
  4 necrophages
  A spiny frog skeleton (Crypt:2)
  9 black bears
  A hornet zombie (D:13)
  50 ogres
  9 boggarts
  24 wolves
  23 centaurs
  A blink frog zombie (Crypt:3)
  16 crocodiles
  A manticore skeleton (Crypt:2)
  A snapping turtle skeleton (Crypt:1)
  3 human zombies
  A salamander zombie (Crypt:3)
  11 big kobolds
  21 bullfrogs
  4 earth elementals
  A hell hound zombie (Crypt:1)
  A gnoll sergeant (Orc:2)
  A hippogriff skeleton (Crypt:1)
  2 hell hound skeletons
  5 human skeletons
  6 scorpions
  26 killer bees (Lair:2)
  15 wights
  4 howler monkeys
  A manticore simulacrum (Crypt:3)
  2 electric eels
  8 crimson imps
  A bullfrog zombie (D:8)
  An iron imp (Abyss:2)
  4 jellies
  A bullfrog skeleton (D:7)
  12 hounds
  6 human simulacra
  24 orc priests
  2 gnoll shamans
  A demonspawn zombie (Crypt:1)
  32 orc wizards
  A black bear skeleton (Crypt:2)
  An iguana (D:13)
  Natasha (D:3)
  12 worker ants
  A hound zombie (D:5)
  2 hound skeletons
  A worker ant zombie (D:10)
  19 gnolls
  A howler monkey skeleton (D:4)
  11 adders
  5 shadow imps
  4 oozes (Sewer)
  4 worms
  4 dart slugs
  8 leopard geckos
  120 orcs
  11 bats
  8 giant cockroaches
  9 goblins
  5 hobgoblins
  12 jackals
  3 quokkas
  2 river rat zombies (Crypt:1)
  3 ball pythons
  4 frilled lizards
  A giant cockroach zombie (Crypt:3)
  A jackal skeleton (D:8)
  41 kobolds
  An orc skeleton (Crypt:1)
  A quokka skeleton (D:8)
  9 rats
  A river rat skeleton (Crypt:1)
  2 crawling corpses (Elf:3)
  A plant (Lair:1)
2093 creatures vanquished.

Vanquished Creatures (collateral kills)
  A deep elf blademaster (Elf:3)
  A deep elf master archer (Elf:3)
  3 deep elf annihilators (Elf:3)
  A deep elf death mage (Elf:3)
  A water moccasin (D:6)
  An ice beast (D:6)
  3 big kobolds (Sewer)
  2 orc priests
  Natasha (D:3)
  An adder (D:5)
  A river rat (D:3)
  A worm (D:3)
  A leopard gecko (D:3)
  6 orcs
  A bat (D:3)
  A giant cockroach (D:3)
  7 kobolds (Sewer)
  A crawling corpse (Elf:3)
34 creatures vanquished.

Vanquished Creatures (others)
  A deep elf blademaster (Elf:3)
  A deep elf knight (Elf:2)
  A salamander mystic (Snake:4)
  A blink frog (Lair:6)
  An orc warrior (Vaults:3)
  3 ogres
  A wolf (Depths:3)
  2 gnolls (D:9)
  A shadow imp (D:14)
  An orc (Vaults:1)
  A bush (Lair:2)
  33 fungi
  32 plants
  A starspawn tentacle (Abyss:2)
80 creatures vanquished.

Grand Total: 2207 creatures vanquished

Notes
Turn   | Place    | Note
-------+----------+-------------------------------------------
     0 | D:1      | DEFE the Ogre Transmuter began the quest for the Orb.
     0 | D:1      | Reached XP level 1. HP: 19/19 MP: 3/3
   113 | D:1      | Reached XP level 2. HP: 27/27 MP: 3/5
   125 | D:1      | Learned a level 2 spell: Sticks to Snakes
   633 | D:1      | Reached XP level 3. HP: 30/35 MP: 5/7
   657 | D:1      | Learned a level 3 spell: Spider Form
   930 | D:1      | Reached skill level 2 in Fighting
  1377 | D:2      | Reached XP level 4. HP: 41/42 MP: 8/8
  2166 | D:3      | Found a glowing drain.
  2173 | Sewer    | Entered a sewer
  2498 | Sewer    | Noticed a big kobold
  2508 | Sewer    | Killed a big kobold
  2508 | Sewer    | Reached XP level 5. HP: 45/52 MP: 5/10
  2642 | Sewer    | Noticed a big kobold
  2662 | Sewer    | Killed a big kobold
  2662 | Sewer    | Reached skill level 3 in Fighting
  2996 | Sewer    | Reached XP level 6. HP: 52/61 MP: 11/11
  3666 | D:3      | Noticed Natasha
  3851 | D:3      | Killed Natasha
  4167 | D:3      | Noticed Natasha
  4173 | D:3      | Killed Natasha
  4344 | D:4      | Reached XP level 7. HP: 68/68 MP: 9/13
  4403 | D:4      | Reached skill level 4 in Fighting
  5068 | D:5      | Entered Level 5 of the Dungeon
  5526 | D:5      | Found Rajiecwel's Jewellery Shop.
  6295 | D:5      | Reached skill level 5 in Spellcasting
  6334 | D:5      | Reached XP level 8. HP: 41/79 MP: 13/15
  6531 | D:5      | Found Ufuuvoq's Jewellery Boutique.
  6544 | D:5      | Reached skill level 5 in Fighting
  7013 | D:5      | Reached skill level 5 in Unarmed Combat
  7222 | D:5      | Found Qehuiwkur's General Store.
  7227 | D:5      | Bought a potion of heal wounds for 60 gold pieces
  7855 | D:6      | Reached skill level 6 in Fighting
  8067 | D:6      | Reached skill level 5 in Dodging
  8067 | D:6      | Reached XP level 9. HP: 14/89 MP: 10/18
  8393 | D:6      | Found Eruengy's Assorted Antiques.
  8551 | D:6      | Found a deep blue altar of Sif Muna.
  9454 | D:7      | Found a staircase to the Ecumenical Temple.
  9463 | Temple   | Entered the Ecumenical Temple
  9739 | Temple   | Became a worshipper of Warmaster Okawaru
 10134 | D:7      | Reached skill level 7 in Fighting
 10235 | D:7      | Reached * piety under Okawaru
 10961 | D:7      | Reached skill level 1 in Invocations
 10973 | D:7      | Noticed Joseph
 10991 | D:7      | Killed Joseph
 10991 | D:7      | Reached XP level 10. HP: 41/104 MP: 11/20
 11321 | D:7      | Reached skill level 8 in Fighting
 11938 | D:8      | Noticed an elephant
 11979 | D:8      | Killed an elephant
 11979 | D:8      | Reached ** piety under Okawaru
 12040 | D:8      | Found an opulent altar of Gozag.
 12084 | D:8      | Found a staircase to the Lair.
 12160 | D:8      | Reached skill level 5 in Transmutations
 12200 | D:8      | Learned a level 4 spell: Ice Form
 12206 | D:8      | Learned a level 5 spell: Blade Hands
 12266 | D:8      | Reached *** piety under Okawaru
 12651 | D:8      | Reached **** piety under Okawaru
 12905 | D:8      | Noticed a two-headed hydra
 12909 | D:8      | Killed a one-headed hydra
 12909 | D:8      | Reached skill level 9 in Fighting
 12909 | D:8      | Reached XP level 11. HP: 110/115 MP: 21/23
 12994 | D:9      | Reached ***** piety under Okawaru
 12995 | D:9      | Found a staircase to the Orcish Mines.
 13183 | D:10     | Entered Level 10 of the Dungeon
 13183 | D:10     | Found Wolam's Antique Weapon Shop.
 13183 | D:10     | Noticed Maurice
 13191 | D:10     | Killed Maurice
 13474 | D:10     | Noticed Grum
 13507 | D:10     | Noticed a hill giant
 13513 | D:10     | Noticed Sonja
 13997 | D:10     | Reached skill level 5 in Invocations
 14186 | D:10     | Killed Sonja
 14353 | D:10     | Killed Grum
 14477 | D:10     | Killed a hill giant
 14757 | D:10     | Received a gift from Okawaru
 15077 | D:9      | Found a roughly hewn altar of Beogh.
 15145 | D:10     | Reached skill level 10 in Fighting
 15763 | D:9      | Noticed Psyche
 15769 | D:9      | Killed Psyche
 16565 | D:9      | Cast into level 2 of the Abyss (gnoll)
 16639 | Abyss:2  | Noticed a daeva
 16853 | Abyss:2  | Noticed a death knight
 16853 | Abyss:2  | Noticed a flayed ghost
 16884 | Abyss:2  | Noticed a sixfirhy
 17003 | Abyss:2  | Noticed a starcursed mass
 17045 | Abyss:2  | Killed a starcursed mass
 17054 | Abyss:2  | Killed a starcursed mass
 17057 | Abyss:2  | Killed a starcursed mass
 17141 | Abyss:2  | Noticed a tentacled starspawn
 17153 | Abyss:2  | Killed a tentacled starspawn
 17153 | Abyss:2  | Reached XP level 12. HP: 44/128 MP: 10/25
 17397 | Abyss:2  | Received a gift from Okawaru
 17398 | Abyss:2  | Noticed a thrashing horror
 17402 | Abyss:2  | Noticed a thrashing horror
 17403 | Abyss:2  | Killed a thrashing horror
 17406 | Abyss:2  | Killed a thrashing horror
 17408 | D:9      | Escaped the Abyss
 17415 | D:9      | HP: 5/128 [ancient zyme (10)]
 18126 | Orc:1    | Entered Level 1 of the Orcish Mines
 18126 | Orc:1    | Found Rian's Assorted Antiques.
 18133 | Orc:1    | Reached skill level 11 in Fighting
 18778 | Orc:1    | Found a roughly hewn altar of Beogh.
 18781 | Orc:1    | Noticed Urug
 18967 | D:9      | Killed Urug
 19125 | Orc:1    | Bought a rare book for 345 gold pieces
 19125 | Orc:1    | Identified the Catalogue of the Creative Frostbite (You bought it in a shop on level 1 of the Orcish Mines)
 19125 | Orc:1    | Bought a scroll of identify for 46 gold pieces
 19125 | Orc:1    | Bought a scroll labeled BOOQUOMMUIN for 23 gold pieces
 19125 | Orc:1    | Bought a scroll of teleportation for 69 gold pieces
 19125 | Orc:1    | Bought a scroll labeled KATSER NAPEA for 23 gold pieces
 19401 | Lair:1   | Entered Level 1 of the Lair of Beasts
 19457 | Lair:1   | Received a gift from Okawaru
 19457 | Lair:1   | Reached skill level 10 in Spellcasting
 19772 | Lair:1   | Received a gift from Okawaru
 20197 | Lair:2   | Found a dark tunnel.
 20207 | Volcano  | Entered a volcano
 20207 | Volcano  | Noticed xvga's ghost (journeyman OgAM)
 20219 | Volcano  | Killed xvga's ghost
 20219 | Volcano  | Reached XP level 13. HP: 84/139 MP: 15/27
 20479 | Volcano  | Reached skill level 12 in Fighting
 20495 | Volcano  | Received a gift from Okawaru
 20500 | Volcano  | Got a crude giant spiked club {god gift}
 21884 | Lair:2   | Identified the +5 giant spiked club of Bittot {venom, Dex+6} (Okawaru gifted it to you in a volcano)
 22111 | Lair:2   | Received a gift from Okawaru
 22163 | Lair:2   | Got a faintly glowing robe {god gift}
 22174 | Lair:2   | Identified the +1 robe "Juqaem" {MR- Regen+ Slay+2 SInv} (Okawaru gifted it to you on level 2 of the Lair of Beasts)
 22351 | Lair:2   | Found a staircase to the Swamp.
 22939 | Lair:3   | Found a staircase to the Snake Pit.
 23009 | Lair:3   | Noticed Fannar
 23035 | Lair:3   | Killed Fannar
 24141 | Lair:4   | Reached XP level 14. HP: 90/150 MP: 25/29
 24379 | Lair:4   | Reached skill level 10 in Unarmed Combat
 24421 | Lair:4   | Received a gift from Okawaru
 25737 | Lair:5   | Reached skill level 13 in Fighting
 26021 | Lair:5   | Noticed Rupert
 26032 | Lair:5   | Killed Rupert
 26801 | Lair:5   | Reached skill level 10 in Dodging
 27046 | Lair:6   | Entered Level 6 of the Lair of Beasts
 27949 | Lair:6   | Received a gift from Okawaru
 28229 | Lair:6   | Reached skill level 10 in Invocations
 28430 | Lair:6   | Received a gift from Okawaru
 28464 | Lair:6   | Reached XP level 15. HP: 87/162 MP: 15/31
 28917 | Lair:6   | Received a gift from Okawaru
 29164 | Lair:6   | Reached skill level 14 in Fighting
 30500 | Lair:6   | Found a viscous altar of Jiyva.
 30500 | Lair:6   | Found a staircase to the Slime Pits.
 31620 | Orc:2    | Entered Level 2 of the Orcish Mines
 31620 | Orc:2    | Noticed Saint Roka
 33113 | Orc:1    | Killed Saint Roka
 33843 | D:5      | Bought the ring of Sloth {rElec rF+ rN+ Dex+6} for 750 gold pieces
 34117 | Orc:2    | Found a staircase to the Elven Halls.
 34297 | Orc:2    | Received a gift from Okawaru
 34323 | Orc:2    | Received a gift from Okawaru
 34806 | Orc:2    | Found Vairug's Armour Emporium.
 34808 | Orc:2    | Found Ytud's Assorted Antiques.
 34810 | Orc:2    | Found Ysui's Book Boutique.
 34928 | Orc:2    | Found Yttitama's Jewellery Shop.
 35055 | Orc:2    | Bought a brown potion for 23 gold pieces
 35055 | Orc:2    | Bought a scroll labeled DESAEV SAGUIKHLE for 26 gold pieces
 35055 | Orc:2    | Bought a scroll labeled YPLEUPPYECZA for 26 gold pieces
 35055 | Orc:2    | Bought a scroll of identify for 52 gold pieces
 35055 | Orc:2    | Bought a scroll labeled EMEURIE ZEIKOT for 26 gold pieces
 35175 | Orc:2    | Reached XP level 16. HP: 172/174 MP: 32/32
 35343 | Orc:2    | Identified the Handbook of Transmutation (You acquired it on level 2 of the Orcish Mines)
 35354 | Orc:2    | Learned a level 6 spell: Hydra Form
 35360 | Orc:2    | Learned a level 5 spell: Irradiate
 35600 | D:11     | Found Worastregg's Magic Scroll Shoppe.
 35608 | D:11     | Bought a scroll of identify for 28 gold pieces
 35608 | D:11     | Bought 2 scrolls of identify for 56 gold pieces
 35608 | D:11     | Bought a scroll of identify for 28 gold pieces
 35608 | D:11     | Bought a scroll of fear for 49 gold pieces
 35608 | D:11     | Bought a scroll of identify for 28 gold pieces
 35608 | D:11     | Bought a scroll of enchant armour for 105 gold pieces
 35663 | D:11     | Found Juaseeto's Jewellery Emporium.
 35711 | D:11     | Found Ciatuitz's Food Boutique.
 35723 | D:11     | Found Laitwux's Magic Scroll Boutique.
 35731 | D:11     | Bought a scroll of teleportation for 42 gold pieces
 35731 | D:11     | Bought a scroll of recharging for 133 gold pieces
 35731 | D:11     | Bought a scroll of magic mapping for 49 gold pieces
 35731 | D:11     | Bought a scroll of identify for 28 gold pieces
 35731 | D:11     | Bought a scroll of fear for 49 gold pieces
 35731 | D:11     | Bought a scroll of magic mapping for 49 gold pieces
 36104 | D:11     | Received a gift from Okawaru
 36117 | D:11     | Got a steaming robe {god gift}
 36129 | D:11     | Identified the +2 robe of the Cooper {rElec rN+ Str+4 Stlth-} (Okawaru gifted it to you on level 11 of the Dungeon)
 36197 | D:11     | Found Tuud's Antique Weapon Shoppe.
 36823 | D:12     | Reached skill level 15 in Fighting
 36946 | D:12     | Found Homi's General Store.
 36954 | D:12     | Bought a scroll of identify for 34 gold pieces
 37157 | D:13     | Found a basalt altar of Yredelemnul.
 38373 | D:14     | Noticed Louise
 38381 | D:14     | Killed Louise
 38537 | D:14     | Received a gift from Okawaru
 39049 | D:14     | Found a gate to the Vaults.
 39257 | D:14     | Noticed Snorg
 39279 | D:14     | Killed Snorg
 40425 | D:15     | Entered Level 15 of the Dungeon
 40625 | D:15     | Noticed Agnes
 40631 | D:15     | Killed Agnes
 41198 | D:15     | Found a staircase to the Depths.
 41876 | Swamp:1  | Entered Level 1 of the Swamp
 41920 | Swamp:1  | Reached XP level 17. HP: 187/187 MP: 29/34
 42069 | Swamp:1  | Reached skill level 10 in Transmutations
 42593 | Swamp:2  | Reached skill level 16 in Fighting
 43249 | Swamp:3  | Received a gift from Okawaru
 44382 | Swamp:4  | Entered Level 4 of the Swamp
 44732 | Swamp:4  | Received a gift from Okawaru
 45508 | Swamp:4  | Got a decaying rune of Zot
 45848 | Swamp:4  | Received a gift from Okawaru
 45851 | Swamp:4  | Got an encrusted cloak {god gift}
 45921 | Swamp:4  | Identified the +1 cloak of Good Intentions {rN+ Stlth+} (Okawaru gifted it to you on level 4 of the Swamp)
 46353 | Vaults:1 | Entered Level 1 of the Vaults
 46838 | Snake:1  | Entered Level 1 of the Snake Pit
 46879 | Snake:1  | Learned a level 5 spell: Yara's Violent Unravelling
 47067 | Snake:1  | Reached skill level 17 in Fighting
 47079 | Snake:1  | Reached XP level 18. HP: 144/200 MP: 16/36
 47256 | Snake:1  | Found a sparkling altar of Nemelex Xobeh.
 48381 | Snake:2  | Received a gift from Okawaru
 49907 | Snake:2  | Reached skill level 15 in Spellcasting
 50059 | Snake:3  | Noticed Kirke
 50064 | Snake:3  | Received a gift from Okawaru
 50299 | Snake:3  | Noticed Azrael
 50306 | Snake:3  | Killed Azrael
 50333 | Snake:3  | Identified Sif Muna's Guide on Execration (You acquired it on level 3 of the Snake Pit)
 50535 | Snake:3  | Noticed Vashnia
 50570 | Snake:3  | Killed Vashnia
 51065 | Snake:4  | Entered Level 4 of the Snake Pit
 51740 | Snake:3  | Received a gift from Okawaru
 51845 | Snake:4  | Reached XP level 19. HP: 161/211 MP: 27/38
 52025 | Snake:1  | Reached skill level 18 in Fighting
 52634 | Vaults:1 | Received a gift from Okawaru
 53037 | Vaults:1 | Gained mutation: You have a pair of small antennae on your head. [potion of beneficial mutation]
 55254 | Vaults:1 | Received a gift from Okawaru
 56055 | Vaults:2 | Reached XP level 20. HP: 159/223 MP: 31/40
 56531 | Vaults:2 | Found a staircase to the Crypt.
 56941 | Vaults:2 | Reached skill level 19 in Fighting
 57144 | Vaults:2 | Received a gift from Okawaru
 57544 | Vaults:3 | Noticed Margery
 57557 | Vaults:3 | Killed Margery
 58210 | Vaults:3 | Found a sparkling altar of Nemelex Xobeh.
 59389 | Vaults:3 | Received a gift from Okawaru
 60003 | Orc:2    | Bought the cursed +0 gold dragon scales "Omanuxis" {rPois rF+ rC+ rN+ rCorr Str-4} for 1366 gold pieces
 60066 | Elf:1    | Entered Level 1 of the Elven Halls
 60066 | Elf:1    | Found Wuonwiel's Weapon Shoppe.
 60107 | Elf:1    | Learned a level 2 spell: Passwall
 60456 | Elf:1    | Found a radiant altar of Vehumet.
 60936 | Elf:2    | Received a gift from Okawaru
 61026 | Elf:2    | Reached skill level 1 in Armour
 61037 | Elf:2    | Found a large runed door.
 61037 | Elf:2    | Found a large runed door.
 61386 | Elf:2    | Reached XP level 21. HP: 234/236 MP: 36/41
 61712 | Elf:2    | Found a large runed door.
 61712 | Elf:2    | Found a large runed door.
 61856 | Elf:2    | Reached skill level 15 in Dodging
 61976 | Elf:3    | Entered Level 3 of the Elven Halls
 62025 | Elf:3    | Received a gift from Okawaru
 62064 | Elf:3    | Received a gift from Okawaru
 62280 | Elf:3    | Reached skill level 15 in Unarmed Combat
 62515 | Elf:3    | Got a crude bone ring
 62653 | Elf:3    | Identified the ring "Qoruanux" {Ice Int+3} (You found it on level 3 of the Elven Halls)
 62695 | Elf:3    | Reached skill level 20 in Fighting
 62758 | Elf:3    | Received a gift from Okawaru
 62853 | Elf:3    | Learned a level 3 spell: Regeneration
 62909 | Elf:3    | Learned a level 2 spell: Song of Slaying
 63388 | Elf:3    | Noticed Asterion
 63397 | Elf:3    | Killed Asterion
 64148 | Vaults:4 | Noticed Bai Suzhen
 64158 | Vaults:4 | Killed Bai Suzhen
 64272 | Vaults:4 | Reached skill level 1 in Earth Magic
 65621 | Vaults:4 | Received a gift from Okawaru
 65621 | Vaults:4 | Reached XP level 22. HP: 159/248 MP: 39/43
 66236 | Crypt:1  | Entered Level 1 of the Crypt
 67508 | Crypt:2  | Reached skill level 5 in Armour
 68808 | Crypt:3  | Entered Level 3 of the Crypt
 69121 | Crypt:3  | Received a gift from Okawaru
 69499 | Crypt:3  | Found a staircase to the Tomb.
 70570 | Crypt:3  | Received a gift from Okawaru
 70598 | Crypt:2  | Reached XP level 23. HP: 38/257 MP: 40/45
 71244 | Crypt:3  | Received a gift from Okawaru
 71267 | Crypt:3  | Reached skill level 21 in Fighting
 71791 | Crypt:3  | Found an ancient bone altar of Kikubaaqudgha.
 71794 | Crypt:3  | Found a basalt altar of Yredelemnul.
 71851 | Crypt:3  | Identified the Incunabulum of Sinister Secrets
 72687 | Snake:4  | Noticed yrara's ghost (adept GrFi)
 72707 | Snake:4  | Killed yrara's ghost
 73208 | Snake:4  | Reached skill level 5 in Earth Magic
 73410 | Snake:4  | Received a gift from Okawaru
 73823 | Snake:4  | Got a vibrating crystal amulet
 73861 | Snake:4  | Got a serpentine rune of Zot
 74353 | Snake:4  | Identified the amulet of Impatience {Harm *Drain rN+ MR- Int+5} (You took it off a naga sharpshooter on level 4 of the Snake Pit)
 74749 | Depths:1 | Entered Level 1 of the Depths
 75014 | Depths:1 | Found a one-way gate to the infinite horrors of the Abyss.
 75176 | Depths:1 | Found a gateway to Hell.
 75693 | Depths:1 | Reached XP level 24. HP: 118/269 MP: 35/45
 76157 | Depths:2 | Noticed a caustic shrike
 76969 | Depths:2 | Noticed a caustic shrike
 77044 | Depths:1 | Killed a caustic shrike
 77234 | Depths:2 | Received a gift from Okawaru
 77587 | Depths:2 | Identified the Volume of Transmutation and Dislocation (You acquired it on level 2 of the Depths)
 77598 | Depths:2 | Learned a level 7 spell: Dragon Form
 77821 | Depths:2 | Killed a caustic shrike
 78317 | Depths:3 | HP: 16/405 [spectral golden dragon[a ghost crab] (18)]
 78317 | Depths:3 | HP: 5/405 [spectral golden dragon[a ghost crab] (11)]
 78317 | Depths:3 | Slain by an ogre

Vault maps used:
D:1:      evilmike_arrival_run_for_it
D:2:      first_bread
D:3:      gup_sewer_entry_bubbles, kennysheep_generic_room_15, uniq_natasha
D:5:      serial_shops, shop, nicolae_shop_crystal, nicolae_shop_crystal,
          moated_statue
D:6:      serial_shops, nicolae_shop_trees, lemuel_tele_altar
D:7:      uniq_joseph
D:8:      david_lair_generic, hangedman_ranch, grunt_gozag_statues
D:9:      minmay_orc_entry_temple_small, uniq_psyche
D:10:     serial_shops, nicolae_shop_overgrown_old_shop, uniq_grum, uniq_sonja,
          uniq_maurice
D:11:     serial_shops, kennysheep_little_box, shop, nicolae_shop_stone, shop,
          nicolae_shop_waterfront
D:12:     serial_shops, shop
D:13:     yredelemnul_altar_generic
D:14:     grunt_vaults_entry_fortified, minmay_misc_feat_nine_boxes,
          uniq_louise, uniq_snorg
D:15:     grunt_enter_depths_hoard, nicolae_sextant, minmay_misc_feat_alley,
          uniq_agnes
Temple:   regret_index_temple_sigil_plot
Lair:1:   minmay_lair_oklob_items
Lair:2:   regret_index_wax_grids, nicolae_swamp_entry_splash_gauntlet,
          nicolae_volcano_entry_hallway, beast_lair_carwin_5,
          serial_bayou_shore_b
Lair:3:   minmay_snake_entry_guardpost_small, uniq_fannar
Lair:5:   cheibrodos_lair_lostbears, uniq_rupert
Lair:6:   minmay_lair_end_enchanted_forest, slime_altar_1,
          hangedman_lair_generics_rect
Swamp:1:  evilmike_swamp_ruin_house_6
Swamp:2:  hangedman_swamp_blocks
Swamp:3:  evilmike_swamp_ruin_house_4
Swamp:4:  swamp_alternative
Snake:1:  basic_altar
Snake:3:  spider_trap, uniq_azrael, uniq_vashnia, uniq_kirke
Snake:4:  snake_pit, serial_bayou_shore_a, serial_bayou_shore_b,
          grunt_megastairs_2
Orc:1:    basic_altar, serial_shops, nicolae_shop_window_shopping, uniq_urug
Orc:2:    st_orc_open, uniq_saint_roka
Elf:1:    serial_sigils, serial_sigils_hangedman_clutch,
          serial_sigils_hangedman_writhe, serial_sigils_hangedman_gut,
          serial_sigils_hangedman_gut, serial_sigils_hangedman_gut,
          serial_sigils_hangedman_stare, serial_shops, shop, basic_altar,
          minmay_misc_feat_cross, item_on_display_a
Elf:2:    spider_trap, uniq_donald
Elf:3:    grunt_elf_hall_diamonds, spider_trap, uniq_asterion
Vaults:1: ontoclasm_vaults_fire_temple, vaults_room_ringed_pool,
          vaults_standard_mumra_enter_the_diamond, hangedman_vaults_corner,
          vaults_mumra_chevron_long, vaults_room_grunt_arrival_ludios,
          nicolae_vaults_diagonal_hallway_9, nicolae_vaults_disjoint_gnomons,
          nicolae_vaults_mini_display_case, hangedman_vaults_unwind, v_misc_13,
          vaults_dpeg_ring
Vaults:2: hangedman_vaults_maws, hangedman_vaults_snaps,
          nicolae_vaults_network_square, nicolae_vaults_angled_halls,
          minmay_crypt_entry_simple_box, hangedman_vaults_river_flow,
          nicolae_vaults_border_crossing, grunt_vaults_hallway_short,
          grunt_vaults_twisty, nicolae_vaults_quartermaster
Vaults:3: vaults_standard_mumra_lines, nicolae_vaults_network_s, st_lattice,
          v_pattern_2, nicolae_vaults_ring_of_whatevers, basic_altar,
          uniq_margery
Vaults:4: ontoclasm_vaults_ring_large, hangedman_vaults_stitches, v_misc_12,
          grunt_vaults_swirl, hangedman_vaults_impose, ontoclasm_vaults_spin,
          hangedman_vaults_hat, nicolae_vaults_shelves_hall,
          ontoclasm_vaults_gateway, nicolae_vaults_little_squares_1,
          uniq_bai_suzhen
Crypt:2:  minmay_misc_feat_columns
Crypt:3:  lightli_unholy_cathedral, tomb_entry_simple_bobbens, minivault_23
Depths:1: minmay_splitting_lines, hell_entry, abyss_entry, spider_trap,
          kennysheep_small_square
Depths:2: minmay_dotted_concentric_squares, abyss_entry_flame_altar,
          pf_coc_iceberg, serial_sigils_hangedman_gut, basic_stair_grate_trap,
          infiniplex_staircase_pool_2
Depths:3: grated_community_mu, hangedman_decor_clover_reticule, pan_entry,
          grunt_hell_entry_dis_grunt
Abyss:2:  evilmike_abyss_exit_14
Sewer:    kennysheep_pipe_town
Volcano:  volcano_aerie

Skill      XL: |  1  2  3  4  5  6  7  8  9 10 11 12 13 14 15 16 17 18 19 20 21 22 23 24 |
---------------+-------------------------------------------------------------------------+-----
Dodging        | 2 3 4 5 6 8 9 10 11 12 13 14 15 16 | 16.8
Spellcasting   | 3 4 5 6 7 8 9 10 11 12 13 14 15 16 17 18 | 18.9
Fighting       | 2 3 4 6 7 9 10 11 12 13 14 15 17 18 19 20 21 | 21.4
Unarmed Combat | 3 4 5 6 7 8 9 10 11 12 13 14 15 16 | 16.6
Transmutations | 2 3 4 5 6 7 8 9 10 11 12 13 | 13.9
Invocations    | 1 4 6 7 9 10 11 12 | 12.6
Armour         | 1 4 5 7 8 |  8.2
Earth Magic    | 1 4 5 6 |  6.7

Action                   |  1- 3 |  4- 6 |  7- 9 | 10-12 | 13-15 | 16-18 | 19-21 | 22-24 || total
-------------------------+-------+-------+-------+-------+-------+-------+-------+-------++-------
Melee: Unarmed           |   135 |   215 |   485 |   664 |  1205 |  1384 |  1304 |  1301 ||  6693
       Kick              |    12 |     8 |       |       |       |       |       |       ||    20
       Punch             |     3 |     3 |     4 |    10 |    31 |    85 |   110 |   137 ||   383
       Headbutt          |     5 |     3 |       |       |       |       |       |       ||     8
       Falchion          |       |       |       |     4 |       |       |       |       ||     4
       Bite              |       |       |       |       |       |       |       |    10 ||    10
       Tailslap          |       |       |       |       |       |       |       |     9 ||     9
 Fire: Blowgun           |       |       |       |    18 |       |       |       |       ||    18
Throw: Large rock        |       |       |       |       |     6 |       |       |       ||     6
 Cast: Beastly Appendage |    16 |     5 |     3 |       |       |       |       |     2 ||    26
       Sticks to Snakes  |       |    32 |    27 |     5 |       |       |       |     4 ||    68
       Spider Form       |       |       |    34 |    11 |       |       |       |       ||    45
       Ice Form          |       |       |       |    32 |    60 |    53 |     4 |       ||   149
       Blade Hands       |       |       |       |    41 |    69 |   101 |   104 |    90 ||   405
       Hydra Form        |       |       |       |       |       |     3 |     2 |       ||     5
       Dragon Form       |       |       |       |       |       |       |       |     4 ||     4
Invok: Heroism           |       |       |     3 |    24 |    36 |    38 |    22 |    26 ||   149
       Finesse           |       |       |       |     5 |    13 |    16 |    22 |    20 ||    76
 Abil: End Transformatio |       |       |       |     4 |     2 |     6 |     2 |     3 ||    17
Evoke: Wand              |       |       |       |     7 |     4 |     4 |     4 |     6 ||    25
  Use: Scroll            |     6 |     1 |     7 |    17 |     7 |    27 |    11 |    11 ||    87
       Potion            |       |       |     2 |     8 |     2 |     9 |     4 |     3 ||    28
 Stab: Distracted        |       |     3 |     1 |       |       |     1 |       |       ||     5
       Sleeping          |       |       |     3 |       |       |     4 |       |       ||     7
       Petrified         |       |       |       |       |     2 |       |       |       ||     2
       Invisible         |       |       |       |       |       |       |     3 |       ||     3
       Confused          |       |       |       |       |       |       |       |     1 ||     1
  Eat: Chunk             |     2 |     2 |    13 |    24 |    36 |    21 |    21 |    16 ||   135
       Bread ration      |       |     2 |     3 |       |       |     7 |     2 |     8 ||    22
       Meat ration       |       |       |       |     5 |     4 |     3 |     3 |       ||    15
       Beef jerky        |       |       |       |     1 |     1 |     3 |     2 |       ||     7
       Royal jelly       |       |       |       |       |     4 |     1 |     1 |     2 ||     8
Armor: Robe              |    53 |    66 |    30 |    40 |       |       |       |       ||   189
       Skin              |       |       |     6 |    40 |    93 |    57 |     9 |    35 ||   240
       Troll leather arm |       |       |       |    33 |   135 |   154 |   182 |   195 ||   699
Dodge: Dodged            |    92 |   140 |   349 |   482 |   986 |  1033 |   829 |  1051 ||  4962
       Rpst.: Falchion   |       |       |       |     1 |       |       |       |       ||     1
